 Dungeon Crawl Stone Soup version 0.20-a0-493-g19c8d8d (webtiles) character file.

1522 AlphabetPasta the Chopper (level 8, -10/54 HPs)
             Began as an Octopode Gladiator on Jan 17, 2017.
             Was a Believer of Okawaru.
             Mangled by Duvessa
             ... wielding a +0 short sword of venom
              (15 damage)
             ... on level 5 of the Dungeon.
             The game lasted 00:25:26 (5329 turns).

AlphabetPasta the Chopper (Octopode Gladiator)      Turns: 5329, Time: 00:25:26

Health: -10/54     AC:  3    Str: 15    XL:     8   Next: 84%
Magic:  10/10      EV: 15    Int: 11    God:    Okawaru [**....]
Gold:   256        SH: 10    Dex: 13    Spells: 7/7 levels left

rFire    . . .     SeeInvis .   a - +0 war axe
rCold    . . .     Gourm    .   l - +0 buckler
rNeg     . . .     Faith    .   b - +2 hat
rPois    .         Spirit   .   m - +5 amulet of reflection
rElec    .         Reflect  +   (no ring)
rCorr    .         Harm     .   (no ring)
MR       .....                  (no ring)
Stlth    ++........             (no ring)
Regen    0.2/turn               (no ring)
                                (no ring)
                                (no ring)
                                (no ring)

@: lethally poisoned (-10 -> -50), very slightly contaminated, invisible
A: almost no armour, stealthy swim, amphibious, 8 rings, constrict 8, camouflage
1, gelatinous body 1
a: Heroism, Renounce Religion


You were on level 5 of the Dungeon.
You worshipped Okawaru.
Okawaru was pleased with you.
You were not hungry.

You visited 1 branch of the dungeon, and saw 5 of its levels.
You also visited: Sewer.

You collected 256 gold pieces.

Inventory:

Hand Weapons
 a - a +0 war axe (weapon)
Missiles
 c - 3 throwing nets (quivered)
 g - 4 tomahawks
Armour
 b - a +2 hat (worn)
 l - a +0 buckler (worn)
Jewellery
 f - a +3 ring of dexterity {unknown}
 h - an uncursed ring of ice {unknown}
 j - an uncursed ring of wizardry {unknown}
 m - a +5 amulet of reflection (around mantle)
 p - an uncursed amulet of regeneration {unknown}
 s - an uncursed amulet of regeneration {unknown}
Wands
 q - a wand of confusion (36/48)
 r - a wand of paralysis (24/24)
Scrolls
 t - a scroll of teleportation
 y - a scroll of enchant armour
Potions
 e - 2 potions of heal wounds
 n - a potion of beneficial mutation {unknown}
 o - 5 potions of curing
 v - a potion of brilliance {unknown}
 w - a potion of agility {unknown}
 x - a potion of flight {unknown}
Comestibles
 d - 3 bread rations
 i - a chunk of flesh
 u - a meat ration


   Skills:
 + Level 4.4 Fighting
 * Level 6.2 Axes
 * Level 5.8 Throwing
 + Level 4.6 Dodging
 + Level 3.4 Shields
 + Level 3.3 Invocations


You had 7 spell levels left.
You didn't know any spells.

Dungeon Overview and Level Annotations

Branches:
Dungeon (5/15)             Temple (0/1) D:5

Altars:
Ashenzari
Dithmenos
Fedhas
Okawaru
Vehumet
Yredelemnul

Annotations:
D:5 Duvessa; bombasticus's ghost, amateur MiBe


Innate Abilities, Weirdness & Mutations

You cannot wear most types of armour.
You are very stealthy in the water. (Stealth+)
You are amphibious.
You can wear up to eight rings at the same time.
You can use your tentacles to constrict eight enemies at once.
Your skin changes colour to match your surroundings (Stealth+).
Your rubbery body absorbs attacks. (AC +1, EV +1)


Message History

Duvessa is moderately wounded.
You constrict Duvessa.
You feel sick. You block Duvessa's attack.
You slash Duvessa! You squeeze Duvessa, but do no damage.
Duvessa is heavily wounded.
You constrict Duvessa.
You feel sick. Duvessa barely misses you. x2
You completely miss Duvessa.
Duvessa is severely wounded.
You constrict Duvessa.
You feel sick. Duvessa barely misses you.
Duvessa hits you with a short sword of venom!
You are lethally poisoned!
You hit Duvessa.
Duvessa is almost dead.
You constrict Duvessa.
* * * LOW HITPOINT WARNING * * *
You feel very sick.
Duvessa hits you with a short sword of venom!
* * * LOW HITPOINT WARNING * * *
You are more poisoned.
Duvessa hits you with a short sword of venom!
You die...

#############
.............
#####.##.... #.#
.... #.# ..... #.#
......#### #.#
......e@.# ## #.#
......##(# .# #.#
##### #)### .#
#.###########)..#
.#
#.............#.#.
.#
#..##########.....#
.####>.# #...###
.......# #...#
......##
#...##########


You could see Duvessa (berserk).

Vanquished Creatures
  Pikel (D:5)
  Grinder (D:3)
  Purgy (Sewer)
  A phantom (D:4)
  A centaur (D:5)
  Dowan (D:5)
  A howler monkey (D:4)
  A crimson imp (D:5)
  A hound (D:4)
  Ijyb (D:2)
  Natasha (thrice) (D:2)
  4 orc wizards
  3 worker ants
  A hound skeleton (D:4)
  7 adders
  2 worms (D:2)
  3 dart slugs
  6 leopard geckos
  12 orcs
  7 bats
  5 giant cockroaches
  10 goblins
  7 hobgoblins
  4 jackals (D:5)
  11 kobolds
  3 quokkas (D:3)
  2 ball pythons (D:2)
  9 frilled lizards
  8 rats
117 creatures vanquished.

Vanquished Creatures (others)
  A dart slug (D:5)
1 creature vanquished.

Grand Total: 118 creatures vanquished

Notes
Turn   | Place    | Note
-------+----------+-------------------------------------------
     0 | D:1      | AlphabetPasta the Octopode Gladiator began the quest for the Orb.
     0 | D:1      | Reached XP level 1. HP: 14/14 MP: 1/1
   176 | D:1      | Reached XP level 2. HP: 19/19 MP: 2/2
   698 | D:1      | Reached XP level 3. HP: 24/24 MP: 3/3
  1246 | D:2      | Noticed Ijyb
  1255 | D:2      | Killed Ijyb
  1255 | D:2      | Reached XP level 4. HP: 26/30 MP: 4/4
  1635 | D:2      | Noticed Natasha
  1645 | D:2      | Killed Natasha
  1649 | D:2      | Reached skill level 1 in Shields
  1858 | D:2      | Reached XP level 5. HP: 35/35 MP: 5/5
  2101 | D:2      | Noticed Natasha
  2110 | D:2      | Killed Natasha
  2110 | D:2      | Reached skill level 4 in Axes
  2322 | D:2      | Noticed Natasha
  2330 | D:2      | Killed Natasha
  2397 | D:3      | Reached XP level 6. HP: 23/41 MP: 6/6
  2662 | D:3      | Found an iron altar of Okawaru.
  2671 | D:3      | Became a worshipper of Warmaster Okawaru
  2734 | D:3      | Found a shattered altar of Ashenzari.
  2812 | D:3      | Noticed Grinder
  2819 | D:3      | Paralysed by Grinder for 7 turns
  2824 | D:3      | HP: 1/42 [Grinder (2)]
  2828 | D:3      | Killed Grinder
  2828 | D:3      | Reached * piety under Okawaru
  2828 | D:3      | Reached skill level 1 in Invocations
  2828 | D:3      | Reached XP level 7. HP: 25/46 MP: 7/7
  2967 | D:3      | Found a basalt altar of Yredelemnul.
  2971 | D:3      | Found a radiant altar of Vehumet.
  2977 | D:3      | Found a shadowy altar of Dithmenos.
  3028 | D:3      | Found a blossoming altar of Fedhas.
  3663 | D:4      | Reached skill level 5 in Axes
  4362 | D:5      | Entered Level 5 of the Dungeon
  4470 | D:5      | Noticed bombasticus's ghost (amateur MiBe)
  4621 | D:5      | Noticed Dowan
  4625 | D:5      | Found a staircase to the Ecumenical Temple.
  4704 | D:5      | Reached XP level 8. HP: 49/54 MP: 9/9
  4783 | D:5      | Found a glowing drain.
  4787 | Sewer    | Entered a sewer
  4870 | Sewer    | Noticed Purgy
  4993 | Sewer    | Killed Purgy
  4993 | Sewer    | Reached skill level 5 in Throwing
  5057 | D:5      | Noticed Pikel
  5141 | D:5      | Killed Pikel
  5141 | D:5      | Reached ** piety under Okawaru
  5141 | D:5      | Reached skill level 6 in Axes
  5251 | D:5      | Noticed Duvessa
  5279 | D:5      | Killed Dowan
  5329 | D:5      | Mangled by Duvessa

Vault maps used:
D:1:      lemuel_arrival_broad_hall
D:2:      kennysheep_generic_room_8, uniq_natasha, uniq_iyjb
D:3:      lemuel_coloured_pillars_altar, okawaru_altar_gauntlet_db,
          nicolae_overflow_crystal_walls, minmay_overflow_temple_star_quad,
          uniq_grinder
D:5:      gup_sewer_entry_bowl, first_bread, uniq_pikel, uniq_duvessa
Sewer:    kennysheep_door_sewer

Skill      XL: |  1  2  3  4  5  6  7  8 |
---------------+-------------------------+-----
Throwing       | 3 4 5 |  5.8
Shields        | 1 2 3 |  3.4
Axes           | 4 5 6 |  6.2
Fighting       | 3 4 |  4.4
Invocations    | 1 2 3 |  3.3
Dodging        | 4 |  4.6

Action                   |  1- 3 |  4- 6 |  7- 9 || total
-------------------------+-------+-------+-------++-------
Melee: War axe           |    42 |    92 |   141 ||   275
       Constrict         |    12 |    26 |    27 ||    65
       Tentacles         |     9 |    17 |    30 ||    56
Throw: Throwing net      |       |     1 |       ||     1
Invok: Heroism           |       |       |     1 ||     1
  Use: Scroll            |     7 |     1 |    10 ||    18
       Potion            |       |     3 |     4 ||     7
 Stab: Sleeping          |    10 |     6 |     7 ||    23
       Distracted        |       |       |     1 ||     1
       Invisible         |       |       |     3 ||     3
  Eat: Chunk             |     1 |     5 |     8 ||    14
Armor: Skin              |     3 |     5 |    11 ||    19
Dodge: Dodged            |    17 |    72 |    75 ||   164
Block: Buckler           |     1 |    12 |    61 ||    74
       Reflection        |       |       |     1 ||     1
